 Dungeon Crawl Stone Soup version 0.20-a0-251-g16a58bf (webtiles) character file.

114 feito the Grave Robber (level 4, -1/22 HPs)
             Began as a Vine Stalker Necromancer on Nov 30, 2016.
             Slain by Xiguana's ghost (5 damage)
             ... on level 3 of the Dungeon.
             The game lasted 00:13:00 (3131 turns).

feito the Grave Robber (Vine Stalker Necromancer)   Turns: 3131, Time: 00:13:01

Health: -1/22      AC:  3    Str: 11    XL:     4   Next: 97%
Magic:  0/9        EV: 17    Int: 16    God:
Gold:   100        SH:  0    Dex: 19    Spells: 3/8 levels left

rFire  . . .     SeeInvis .     i - +0 hand axe (freeze)
rCold  . . .     Gourm    .     a - +1 robe
rNeg   . . .     Faith    .     (no shield)
rPois  .         Spirit   +     (no helmet)
rElec  .         Reflect  .     (no cloak)
rCorr  .         Harm     .     (no gloves)
MR     .....                    (no boots)
Stlth  ++........               (no amulet)
                                (no ring)
                                (no ring)

@: agile, flying, very slightly contaminated, glowing, invisible (but backlit
and visible)
A: fangs 2, regeneration 1, magic shield, antimagic bite, no device heal 3, rot
immunity
a: no special abilities


You were on level 3 of the Dungeon.
You were not hungry.

You visited 1 branch of the dungeon, and saw 3 of its levels.

You collected 100 gold pieces.

Inventory:

Hand Weapons
 d - a +0 whip
 i - a +0 hand axe of freezing (weapon)
Armour
 a - a +1 robe (worn)
 p - a +0 cloak
Jewellery
 k - a cursed ring of loudness {unknown}
Scrolls
 e - 4 scrolls of identify {unknown}
 m - a scroll of remove curse {unknown}
 o - a scroll of teleportation {unknown}
 t - 3 scrolls of immolation {unknown}
 v - a scroll of recharging {unknown}
Potions
 j - a potion of flight
 l - a potion of curing
 n - 2 potions of cure mutation {unknown}
 s - a potion of lignification {unknown}
 u - a potion of resistance {unknown}
Books
 b - a book of Necromancy

   Spells                             Type                      Level
   a - Pain                           Necromancy                   1
   b - Animate Skeleton               Necromancy                   1
   c - Vampiric Draining              Necromancy                   3
   d - Regeneration                   Charms/Necromancy            3
   e - Animate Dead                   Necromancy                   4
   f - Control Undead                 Necromancy                   4
Comestibles
 r - a royal jelly


   Skills:
 * Level 1.4 Fighting
 + Level 1.7 Dodging
 + Level 2.6 Stealth
 + Level 2.9 Spellcasting
 + Level 5.2 Necromancy


You had 3 spell levels left.
You knew the following spells:

 Your Spells              Type           Power        Failure   Level  Hunger
a - Pain                  Necr           ###.         2%          1    #......
b - Animate Skeleton      Necr           N/A          2%          1    #......
c - Vampiric Draining     Necr           ###.......   10%         3    ###....


Dungeon Overview and Level Annotations

Branches:
Dungeon (3/15)

Altars:

Annotations:
D:3 Xiguana's ghost, amateur SpAM


Innate Abilities, Weirdness & Mutations

You have extremely sharp teeth.
Your natural rate of healing is unusually fast.
When hurt, damage is shared between your health and your magic reserves.
Your bite disrupts and absorbs the magic of your enemies.
Potions and wands cannot restore your health.
You are immune to rotting.


Message History

You become transparent, but the glow from your corona prevents you from becoming completely invisible.
Xiguana's ghost hits you.
You are very lightly contaminated with residual magic.
Xiguana's ghost hits you!
You feel agile all of a sudden. Xiguana's ghost misses you.
Xiguana's ghost hits you.
* * * LOW HITPOINT WARNING * * *
As you read the scroll labeled NIOZOSHERARU, it crumbles to dust.
You feel aware of your surroundings.
It was a scroll of magic mapping.
Xiguana's ghost misses you.
As you read the scroll labeled ZEMAADD XUMIUD, it crumbles to dust.
It is a scroll of enchant armour.
Your +0 robe glows green for a moment.
Xiguana's ghost hits you.
* * * LOW HITPOINT WARNING * * *
It was a potion of flight.
You feel very buoyant.
You fly up into the air.
Xiguana's ghost closely misses you.
It was a potion of curing.
That felt strangely inert.
Xiguana's ghost hits you!
You die...

#.######.# #.# #.##.....#
#.####### #.##.##..# ##........
### #........# ##...###### ..#
#####.##.#####.....##... #.#####
#..................)..## #.....#
#.###....#######..###### #.###>#
#.# ###..# #..###### #...#.# #.#
#@.# #........ #.#.#.# #.#####W.#
##'####### #.#.#.# #........#
##...## #.....# ########.#
##.....## #.#.### ##.#.#
##.......##
....##########....###.........#*#
....................'........)',.
...###########....###.........#*#
#.## ##.#.# ##.......##


You could see Xiguana's ghost.

Vanquished Creatures
  4 adders (D:2)
  An ooze (D:1)
  2 worms (D:2)
  A ball python (D:1)
  4 giant cockroaches
  6 goblins
  3 hobgoblins (D:1)
  6 jackals
  7 bats
  4 frilled lizards
  5 kobolds
  8 rats
51 creatures vanquished.

Vanquished Creatures (collateral kills)
  2 adders (D:2)
  A giant cockroach (D:3)
  A goblin (D:1)
  A frilled lizard (D:2)
5 creatures vanquished.

Grand Total: 56 creatures vanquished

Notes
Turn   | Place    | Note
-------+----------+-------------------------------------------
     0 | D:1      | feito the Vine Stalker Necromancer began the quest for the Orb.
     0 | D:1      | Reached XP level 1. HP: 9/9 MP: 4/4
    17 | D:1      | Learned a level 1 spell: Animate Skeleton
   304 | D:1      | Reached XP level 2. HP: 11/13 MP: 3/6
  1018 | D:1      | Reached XP level 3. HP: 16/17 MP: 7/7
  1513 | D:1      | Learned a level 3 spell: Vampiric Draining
  1970 | D:2      | Reached skill level 1 in Fighting
  1970 | D:2      | Reached skill level 5 in Necromancy
  1970 | D:2      | Gained mutation: Your natural rate of healing is unusually fast. [Vine Stalker growth]
  1970 | D:2      | Reached XP level 4. HP: 18/22 MP: 2/8
  3114 | D:3      | Noticed Xiguana's ghost (amateur SpAM)
  3131 | D:3      | Slain by Xiguana's ghost

Vault maps used:
D:1:      doesnt_arrival_eight_statues
D:3:      first_bread, st_stairs_9, uniq_iyjb

Skill      XL: |  1  2  3 |
---------------+----------+-----
Fighting       | 1 |  1.4
Necromancy     | 5 |  5.2
Dodging        | |  1.7
Stealth        | |  2.6
Spellcasting   | |  2.9

Action                   |  1- 3 |  4- 6 || total
-------------------------+-------+-------++-------
Melee: Whip              |    22 |       ||    22
       Bite              |     7 |     5 ||    12
       Hand axe          |    26 |    24 ||    50
 Cast: Pain              |    46 |    18 ||    64
       Animate Skeleton  |     4 |     3 ||     7
       Vampiric Draining |     2 |     1 ||     3
  Use: Potion            |       |     4 ||     4
       Scroll            |       |     2 ||     2
 Stab: Sleeping          |     1 |     4 ||     5
  Eat: Chunk             |     2 |     1 ||     3
       Bread ration      |     1 |       ||     1
Armor: Robe              |     7 |     9 ||    16
Dodge: Dodged            |    39 |    23 ||    62
